 Dungeon Crawl Stone Soup version 0.29-a0-91-gdebf4667c2 (webtiles) character file.

Game seed: 10410776914558448024

80488 drugrobin the Fighter (level 14, -1/127 (133) HPs)
             Began as a Demigod Warper on Feb 8, 2022.
             Shot with an arrow by Nessos (2 damage)
             ... on level 4 of the Lair of Beasts.
             The game lasted 02:08:35 (31852 turns).

drugrobin the Fighter (Demigod Warper)             Turns: 31852, Time: 02:08:36

HP:   -1/127 (133)  AC: 25    Str: 18    XL:     14   Next: 83%
MP:   8/18          EV: 16    Int: 19    God:
Gold: 299           SH:  0    Dex: 28    Spells: 15/25 levels left

rFire   . . .      SeeInvis .   a - +1 halberd (vamp)
rCold   . . .      Faith    .   (shield currently unavailable)
rNeg    + . .      Spirit   .   t - +3 chain mail {rPois}
rPois   +          Reflect  .   l - +0 helmet of Perpetual Drought {rElec}
rElec   +          Harm     .   e - +2 cloak of Filth {Regen+ MP-9 Dex+5 Stlth+}
rCorr   +          Rampage  .   E - +2 pair of gloves {infuse}
Will    +....                   T - +2 pair of boots of the Distant Future {rN+ Regen+ rCorr Str-4 Dex+2}
Stlth   ..........              K - amulet of regeneration
HPRegen 2.71/turn               h - +6 ring of strength
MPRegen 0.16/turn               v - ring of wizardry

@: lethally poisoned (-1 -> -1), about to teleport, lightly drained
A: high MP 1, forlorn, divine attributes
a: no special abilities


You were on level 4 of the Lair of Beasts.
You visited 4 branches of the dungeon, and saw 24 of its levels.
You also visited: Ossuary and Gauntlet.

You collected 2234 gold pieces.
You spent 1935 gold pieces at shops.

Inventory:

Hand Weapons
 a - a +1 vampiric halberd (weapon)
 b - a +2 hand crossbow of flaming
 J - a +5 vorpal spear
 P - a +7 hand axe of flaming
Missiles
 d - 6 boomerangs of dispersal
 p - 76 poisoned darts
 H - 190 bolts
 V - 10 javelins (quivered)
Armour
 e - the +2 cloak of Filth (worn) {Regen+ MP-9 Dex+5 Stlth+}
   (You found it in a Gauntlet)

   Dex:       It affects your dexterity (+5).
   MP:        It affects your magic capacity (-9).
   Regen:     It increases your rate of health regeneration.
   Stlth:     It makes you more stealthy.
 l - the +0 helmet of Perpetual Drought (worn) {rElec}
   (You found it on level 14 of the Dungeon)

   rElec:     It insulates you from electricity.
 t - a +3 chain mail of poison resistance (worn)
 E - a +2 pair of gloves of infusion (worn)
 F - the +6 chain mail of Rotation {Str+2 Int+3}
   (You took it off an orc knight on level 14 of the Dungeon)

   Str:       It affects your strength (+2).
   Int:       It affects your intelligence (+3).
 T - the +2 pair of boots of the Distant Future (worn) {rN+ Regen+ rCorr Str-4 Dex+2}
   (You acquired it on level 2 of the Snake Pit)

   Str:       It affects your strength (-4).
   Dex:       It affects your dexterity (+2).
   rN:        It protects you from negative energy.
   Regen:     It increases your rate of health regeneration.
   rCorr:     It protects you from acid and corrosion.
 Z - the +2 shield of Resistance {rF++ rC++ Will++}
   (You found it on level 14 of the Dungeon)

   rF:        It greatly protects you from fire.
   rC:        It greatly protects you from cold.
   Will:      It greatly increases your willpower.
Jewellery
 c - a ring of fire
 h - a +6 ring of strength (left hand)
 q - an amulet of the acrobat
 r - a ring of protection from fire
 v - a ring of wizardry (right hand)
 K - an amulet of regeneration (around neck)
 U - a ring of protection from cold
 W - a ring of resist corrosion
Wands
 B - a wand of iceblast (20)
 G - a wand of digging (8)
 L - a wand of polymorph (16)
 O - a wand of flame (17)
 R - a wand of charming (5)
 S - a wand of acid (2)
 X - a wand of paralysis (6)
 Y - a wand of mindburst (12)
Scrolls
 k - 8 scrolls of enchant armour
 m - 9 scrolls of teleportation
 n - a scroll of summoning
 s - 3 scrolls of identify
 u - 3 scrolls of magic mapping
 y - 3 scrolls of amnesia
 z - 2 scrolls of enchant weapon
 I - 4 scrolls of fear
Potions
 f - a potion of cancellation
 g - a potion of lignification
 i - 2 potions of resistance
 j - 2 potions of flight
 w - 12 potions of curing
 A - 6 potions of brilliance
 C - 2 potions of heal wounds
 D - 2 potions of haste
 M - a potion of might
 N - a potion of ambrosia
 Q - 2 potions of magic
Miscellaneous
 o - a box of beasts
 x - a phantom mirror


   Skills:
 + Level 14.4 Fighting
 + Level 14.1 Polearms
 - Level 0.8 Throwing
 + Level 9.0 Armour
 - Level 11.7 Dodging
 + Level 6.3 Spellcasting
 - Level 2.6 Translocations


You had 15 spell levels left.
You knew the following spells:

 Your Spells              Type           Power      Damage    Failure   Level
a - Blink                 Tloc           32%        N/A       19%         2
b - Teleport Other        Tloc           16%        N/A       34%         3
c - Summon Small Mammal   Summ           24%        N/A       34%         1
d - Gell's Gravitas       Tloc           16%        N/A       34%         3
e - Apportation           Tloc           32%        N/A       13%         1

Your spell library contained the following spells:

 Spells                   Type           Power      Damage    Failure   Level
 Animate Skeleton         Necr           12%        N/A       34%         1
 Sandblast                Erth           12%        2d6       34%         1
 Slow                     Hex            24%        N/A       34%         1
 Sting                    Tmut/Pois      24%        1d4       34%         1
 Lesser Beckoning         Tloc           16%        N/A       34%         3
 Corpse Rot               Necr/Air       12%        N/A       47%         2
 Passwall                 Tmut/Erth      5%         N/A       47%         2
 Poisonous Vapours        Pois/Air       12%        N/A       47%         2
 Confusing Touch          Hex            6%         N/A       71%         3
 Conjure Flame            Conj/Fire      6%         6-21      71%         3
 Dazzling Flash           Conj/Hex       12%        N/A       71%         3
 Ignite Poison            Fire/Tmut/Pois 6%         N/A       71%         3
 Mephitic Cloud           Conj/Pois/Air  6%         N/A       71%         3
 Stone Arrow              Conj/Erth      12%        3d7       71%         3
 Vampiric Draining        Necr           6%         2d6       71%         3
 Iskenderun's Mystic Bla  Conj/Tloc      11%        2d4       89%         4
 Manifold Assault         Tloc           16%        N/A       96%         5
 Animate Armour           Summ/Erth      12%        N/A       97%         4
 Cause Fear               Hex            3%         N/A       97%         4
 Olgreb's Toxic Radiance  Pois           6%         N/A       97%         4
 Petrify                  Tmut/Erth      6%         N/A       97%         4
 Sticky Flame             Conj/Fire      6%         2d3       97%         4
 Summon Forest            Summ/Tloc      5%         N/A       99%         5
 Freezing Cloud           Conj/Ice/Air   3%         6-21      100%        5
 Iskenderun's Battlesphe  Conj           6%         2d6       100%        5
 Summon Mana Viper        Hex/Summ       6%         N/A       100%        5
 Conjure Ball Lightning   Conj/Air       3%         3x3d6     100%        6
 Iron Shot                Conj/Erth      3%         9d2       100%        6
 Starburst                Conj/Fire      3%         6d3       100%        6
 Statue Form              Tmut/Erth      4%         N/A       100%        6
 Summon Cactus Giant      Summ           3%         N/A       100%        6
 Dragon Form              Tmut           3%         N/A       100%        7
 Malign Gateway           Summ/Tloc      5%         N/A       100%        7
 Spellforged Servitor     Conj/Summ      3%         N/A       100%        7
 Discord                  Hex            3%         N/A       100%        8
 Disjunction              Tloc           8%         N/A       100%        8
 Summon Horrible Things   Summ           3%         N/A       100%        8
 Dragon's Call            Summ           3%         N/A       100%        9


Dungeon Overview and Level Annotations

Branches:
Dungeon (14/15)            Temple (0/1) D:7            Lair (5/6) D:8
  Snake (3/4) Lair:3        Slime (0/5) Lair:5          Orc (2/2) D:11
    Elf (0/3) Orc:2        Vaults (0/5) D:14        Ossuary (visited)
Gauntlet (visited)
  Swamp: Lair:2-4    Shoals: Lair:2-4

Shops:
D:9 *   Orc:1 :   Orc:2 [((:   Snake:2 (?[*

Annotations:
D:13 Xenoroth's ghost, journeyman DrFi
Lair:4 1 runed translucent door, Nessos
Snake:1 1 runed translucent door, Classified's ghost, adept MiFi
Snake:2 Jorgrun
Snake:3 Vashnia


Innate Abilities, Weirdness & Mutations

You have an increased reservoir of magic. (+10% MP)
You shall have no god before yourself.
Your divine heritage dramatically boosts your attributes as you level up.


Message History

Unknown command.
You feel sick.
Nessos shoots an arrow.
The arrow hits you but does no damage.
Nessos stands on their hind legs for a moment.
Unknown command.
Unknown command.
Unknown command.
Unknown command.
You feel less confused.
You feel sick.
You are no longer poisoned.
Nessos shoots an arrow.
The arrow hits you but does no damage.
Nessos gestures wildly while chanting.
Nessos blinks!
Unknown command.
Unknown command.
Unknown command.
Unknown command.
Press: ? - help, v - describe, . - travel
Here: Nessos, wielding a +3 longbow of flaming, wearing a +1 barding of flying and quivering arrows (fast) Some shallow water.
Unknown command.
Unknown command.
As you read the scroll of teleportation, it crumbles to dust.
You feel strangely unstable.
Nessos shoots an arrow.
The arrow completely misses you.
Nessos shoots an arrow.
The arrow misses you.
Nessos casts a spell.
Nessos blinks!
Unknown command.
Unknown command.
Nessos shoots an arrow.
The arrow hits you! The arrow burns you.
You are poisoned.
You feel very sick.
Nessos shoots an arrow.
The arrow hits you!
* * * LOW HITPOINT WARNING * * *
The arrow burns you!
* * * LOW HITPOINT WARNING * * *
Nessos shoots an arrow.
The arrow hits you!
* * * LOW HITPOINT WARNING * * *
The arrow burns you.
You die...

....... #...## ### ..
#....###....### ##.P
.##...?.(c..?...###...
.P...P(#.#.#..........
..P....####.#.........
........######........
#..........##..P.....#
#..##.....# #####?..#.
P.. #@....#### #####.
#.. ##.#......### # #.
#..##.......#...#?# #.
#......#......# .# #..
##...#)≈#...#.#..##
###
#....≈.≈≈..#.@...####.
#.≈...≈≈≈≈c..## ..#.#
##≈..≈≈≈≈≈≈≈≈.##
.§....
##≈§≈≈≈≈≈≈≈≈..##.c....


You could see Nessos (fast).

Vanquished Creatures
  Rupert (Lair:4)
  Kirke (Lair:4)
  A nagaraja (Snake:2)
  2 orc warlords (Orc:1)
  A minotaur (Gauntlet)
  A boulder beetle (D:11)
  3 hydras
  4 naga warriors
  2 catoblepae
  2 vault guards (D:14)
  A centaur warrior (D:14)
  An anaconda (Snake:2)
  2 tengu warriors (D:13)
  2 two-headed ogres
  2 orc high priests (Orc:2)
  Urug (Lair:3)
  4 death yaks (Lair:4)
  2 shock serpents
  4 naga sharpshooters
  4 skeletal warriors
  A glowing orange brain (D:11)
  A wizard (D:12)
  A naga ritualist (Snake:1)
  5 orc knights
  3 ugly things (D:14)
  3 orc sorcerers (Orc:2)
  2 mana vipers
  7 cyclopes
  5 salamanders
  17 black mambas
  4 naga magi
  A gargoyle (D:12)
  3 torpor snails (Lair:2)
  The ghost of BubbleThief the Grave Robber, a novice DsNe (D:7)
  3 cane toads
  A kobold demonologist (D:11)
  3 rime drakes
  A freezing wraith (D:14)
  6 komodo dragons
  An unseen horror (D:13)
  3 meliai (D:13)
  5 trolls
  Grinder (D:3)
  22 blink frogs
  10 flying skulls (Gauntlet)
  9 wyverns
  4 shadows
  4 centaur simulacra (Gauntlet)
  A vampire (D:12)
  8 yaks
  10 humans (D:14)
  2 hogs
  7 basilisks
  5 wraiths
  A steam dragon (D:8)
  7 vampire mosquitoes
  A warg (Orc:2)
  A harpy simulacrum (Gauntlet)
  Edmund (D:6)
  25 nagas
  12 water moccasins
  2 acid dragons
  A swamp drake (D:8)
  30 orc warriors
  A black bear (Lair:5)
  6 ogres
  4 boggarts (D:14)
  4 necrophages
  11 wolves
  5 centaurs
  A phantom (D:6)
  6 kobold brigands
  9 bullfrogs
  5 elf zombies (Ossuary)
  3 gnoll sergeants
  A water moccasin zombie (D:6)
  9 killer bees
  3 wights (D:7)
  3 electric eels
  4 howler monkeys (D:8)
  9 centaur zombies
  A bullfrog zombie (D:5)
  2 bullfrog skeletons (D:5)
  A centaur skeleton (D:7)
  3 hounds (D:5)
  4 human zombies (Ossuary)
  23 orc priests
  Crazy Yiuf (D:2)
  Jessica (D:2)
  Ijyb (D:2)
  An iguana (D:4)
  18 orc wizards
  5 hell rats
  A killer bee zombie (D:9)
  2 hound zombies (D:5)
  3 mummies (Ossuary)
  12 gnolls
  A howler monkey skeleton (D:6)
  6 adders
  3 white imps (D:6)
  An ufetubus (D:7)
  2 dart slugs
  94 orcs
  3 ball pythons
  5 endoplasms
  3 giant cockroaches
  4 hobgoblins
  A jackal (D:5)
  2 quokkas
  2 bats
  3 frilled lizards
  2 goblins
  A goblin zombie (D:5)
  35 kobolds
  3 rats
  A rat zombie (D:5)
617 creatures vanquished.

Vanquished Creatures (collateral kills)
  A necrophage (D:5)
  A centaur skeleton (D:5)
2 creatures vanquished.

Vanquished Creatures (others)
  A howler monkey (D:8)
  A demonic plant (Gauntlet)
  25 fungi
  21 plants
  20 withered plants (Gauntlet)
68 creatures vanquished.

Grand Total: 687 creatures vanquished

Notes
Turn   | Place    | Note
-------+----------+-------------------------------------------
     0 | D:1      | drugrobin the Demigod Warper began the quest for the Orb.
     0 | D:1      | Reached XP level 1. HP: 17/17 MP: 5/5
   758 | D:2      | Reached XP level 2. HP: 19/24 MP: 7/7
   851 | D:2      | Learned a level 2 spell: Blink
  1157 | D:2      | Reached XP level 3. HP: 29/29 MP: 8/8
  1222 | D:2      | Noticed Jessica
  1228 | D:2      | Killed Jessica
  1292 | D:2      | Found a runed translucent door.
  1292 | D:2      | Identified the +7 mace of Execution {vorpal, *Slow +Blink
                  | rF+ Int+3}
  1297 | D:2      | Noticed Crazy Yiuf
  1364 | D:2      | Killed Crazy Yiuf
  1365 | D:2      | Reached XP level 4. HP: 36/36 MP: 9/9
  1575 | D:2      | Identified the +0 robe "Epesuvud" {rN+ Dex+6}
  1690 | D:2      | Learned a level 3 spell: Teleport Other
  1691 | D:3      | Noticed Grinder
  1792 | D:3      | Noticed Ijyb
  1811 | D:2      | Paralysed by something for 2 turns
  1816 | D:2      | Killed Ijyb
  2013 | D:2      | Reached XP level 5. HP: 12/41 MP: 10/10
  2713 | D:4      | Noticed a necrophage
  2724 | D:4      | Killed a necrophage
  2725 | D:4      | Reached skill level 5 in Polearms
  2871 | D:3      | Killed Grinder
  2872 | D:3      | Reached XP level 6. HP: 47/51 MP: 11/11
  3741 | D:5      | Entered Level 5 of the Dungeon
  3792 | D:5      | Reached XP level 7. HP: 54/57 MP: 12/12
  3851 | D:5      | Found a sand-covered staircase.
  3874 | Ossuary  | Entered an ossuary
  4249 | Ossuary  | Reached skill level 5 in Dodging
  4526 | Ossuary  | Reached XP level 8. HP: 67/67 MP: 13/13
  5258 | D:5      | Reached skill level 5 in Fighting
  6045 | D:6      | Noticed Edmund
  6059 | D:6      | Killed Edmund
  6895 | D:7      | Reached XP level 9. HP: 64/75 MP: 14/14
  7116 | D:7      | Found a staircase to the Ecumenical Temple.
  7154 | D:7      | Found a runed translucent door.
  7160 | D:7      | Noticed BubbleThief's ghost (novice DsNe)
  7621 | D:8      | Noticed a komodo dragon
  8187 | D:8      | Found a staircase to the Lair.
  8865 | D:7      | Killed a komodo dragon
  8866 | D:7      | Reached XP level 10. HP: 48/86 MP: 15/15
  9448 | D:7      | Killed BubbleThief's ghost
  9523 | D:9      | Noticed a skeletal warrior
  9523 | D:9      | Noticed a skeletal warrior
  9523 | D:9      | Noticed a skeletal warrior
  9525 | D:9      | Noticed a skeletal warrior
  9591 | D:8      | Killed a skeletal warrior
  9608 | D:9      | Found Dammups's Overcharged Wands.
 10063 | D:9      | Killed a skeletal warrior
 10118 | D:9      | Learned a level 1 spell: Summon Small Mammal
 10471 | D:9      | Killed a skeletal warrior
 10713 | D:9      | Killed a skeletal warrior
 10714 | D:9      | Reached skill level 10 in Polearms
 11042 | D:9      | Noticed a two-headed ogre
 11065 | D:9      | Killed a two-headed ogre
 11432 | Lair:1   | Entered Level 1 of the Lair of Beasts
 11480 | Lair:1   | Reached XP level 11. HP: 80/97 MP: 17/17
 11567 | Lair:1   | You fall into a shaft and drop 1 floor!
 12928 | Lair:2   | Reached skill level 10 in Dodging
 13188 | Lair:1   | Noticed Harold
 13214 | Lair:1   | Reached skill level 10 in Fighting
 13514 | Lair:1   | Noticed Harold
 13514 | Lair:1   | Harold changed into Harold the salamander
 13800 | D:10     | Entered Level 10 of the Dungeon
 14047 | D:10     | Noticed a two-headed ogre
 14071 | D:10     | Killed a two-headed ogre
 15082 | Lair:1   | Killed Harold the salamander
 15575 | Lair:1   | Identified the +10 short sword of Fitotacy {venom, rN+}
 16193 | Lair:3   | Reached XP level 12. HP: 108/108 MP: 18/18
 16550 | Lair:3   | Found a staircase to the Snake Pit.
 17313 | Lair:4   | Noticed Urug
 17388 | Lair:3   | Killed Urug
 17642 | Lair:4   | Noticed Nessos
 17772 | Lair:4   | Found a runed translucent door.
 18047 | Lair:4   | Noticed Rupert
 18120 | Lair:5   | Found a staircase to the Slime Pits.
 18488 | D:11     | Noticed a seven-headed hydra
 18492 | D:11     | a seven-headed hydra changed into a glowing orange brain
 18812 | D:11     | Noticed a boulder beetle
 18839 | D:11     | Killed a boulder beetle
 18840 | D:11     | Reached skill level 1 in Armour
 18924 | D:11     | Found a staircase to the Orcish Mines.
 19329 | D:12     | Found a gate leading to a gauntlet.
 19398 | Gauntlet | Entered a Gauntlet
 19398 | Gauntlet | Found a transporter.
 19398 | Gauntlet | Found a runed translucent gate.
 19398 | Gauntlet | Found a transporter.
 19398 | Gauntlet | Found a runed translucent gate.
 19399 | Gauntlet | Found a runed translucent gate.
 19400 | Gauntlet | Found a transporter.
 19401 | Gauntlet | Found a transporter.
 19403 | Gauntlet | Found a transporter.
 19439 | Gauntlet | Found a transporter.
 19440 | Gauntlet | Found a transporter.
 19440 | Gauntlet | Found a transporter.
 19454 | Gauntlet | Found a transporter.
 19470 | Gauntlet | Found a transporter.
 19480 | Gauntlet | Found a transporter.
 19484 | Gauntlet | Found a transporter.
 19528 | Gauntlet | Found a transporter.
 19541 | Gauntlet | Found a transporter.
 19703 | Gauntlet | Learned a level 3 spell: Gell's Gravitas
 19706 | Gauntlet | Identified the +2 cloak of Filth {Regen+ MP-9 Dex+5 Stlth+}
 19950 | Gauntlet | Reached XP level 13. HP: 105/117 MP: 14/23
 19955 | Gauntlet | Got the Handbook of the Mountains
 19960 | Gauntlet | Learned a level 1 spell: Apportation
 20061 | Gauntlet | Identified the +1 leather armour of Ogigup {Str+5}
 20123 | Gauntlet | Noticed a minotaur
 20131 | Gauntlet | Killed a minotaur
 20173 | Gauntlet | Identified the +0 kite shield of Death's Door {Drain Str+4
                  | SInv Stlth+}
 21941 | D:13     | Identified the +9 dagger "Maify" {vorpal, rN+}
 22491 | D:14     | Found a runed translucent gate.
 22494 | D:14     | Found a runed translucent gate.
 22540 | D:14     | Reached skill level 5 in Armour
 23367 | D:14     | Found a runed translucent gate.
 23375 | D:14     | Noticed Xenoroth's ghost (journeyman DrFi)
 23484 | D:14     | Found a gate to the Vaults.
 23491 | D:14     | Found the +2 shield of Resistance {rF++ rC++ Will++}
 23615 | D:14     | Identified the +6 chain mail of Rotation {Str+2 Int+3}
 24068 | D:14     | Identified the +0 helmet of Perpetual Drought {rElec}
 24375 | Orc:1    | Entered Level 1 of the Orcish Mines
 24439 | Orc:2    | Entered Level 2 of the Orcish Mines
 24705 | Orc:1    | Found Keumyom's Book Emporium.
 25199 | Orc:2    | Found a staircase to the Elven Halls.
 25299 | Orc:2    | Noticed an orc warlord
 25575 | Orc:1    | Killed an orc warlord
 25961 | Orc:2    | Noticed an orc warlord
 25967 | Orc:2    | Reached XP level 14. HP: 129/129 MP: 15/24
 26026 | Orc:1    | Killed an orc warlord
 26276 | Orc:2    | Found Noygy's Book Shoppe.
 26556 | Orc:2    | Found Xaal's Antique Weapon Shoppe.
 26560 | Orc:2    | Found Kuqonos's Antique Armour Emporium.
 26565 | Orc:2    | Bought a pair of glowing boots for 172 gold pieces
 26565 | Orc:2    | Bought a pair of embroidered gloves for 172 gold pieces
 26593 | Orc:2    | Bought a runed glaive for 285 gold pieces
 26795 | Orc:2    | Found Sus Jei's Antique Weapon Shop.
 26804 | Orc:2    | Bought a runed halberd for 189 gold pieces
 26804 | Orc:2    | Bought a runed hand axe for 162 gold pieces
 26804 | Orc:2    | Bought a runed hand crossbow for 175 gold pieces
 27779 | Snake:1  | Entered Level 1 of the Snake Pit
 28468 | Snake:1  | Noticed Classified's ghost (adept MiFi)
 28472 | Snake:1  | Found a runed translucent door.
 28572 | Snake:1  | Reached skill level 5 in Spellcasting
 29699 | Snake:3  | Noticed Vashnia
 29761 | Snake:2  | Found Karu's Weapon Boutique.
 29763 | Snake:2  | Found Yptiedwusch's Magic Scroll Shop.
 29765 | Snake:2  | Found Pawatici's Armour Boutique.
 29789 | Snake:2  | Bought a scroll of acquirement for 780 gold pieces
 29789 | Snake:2  | Acquired the +2 pair of boots of the Distant Future {rN+
                  | Regen+ rCorr Str-4 Dex+2}
 29877 | Snake:2  | Found Boitraich's Assorted Antiques.
 30600 | Snake:2  | Noticed a nagaraja
 30610 | Snake:2  | Killed a nagaraja
 31127 | Snake:2  | Noticed Jorgrun
 31640 | Lair:5   | Noticed Kirke
 31747 | Lair:4   | Killed Kirke
 31844 | Lair:4   | Killed Rupert
 31852 | Lair:4   | HP: 1/127 [Nessos/arrow (14)]
 31852 | Lair:4   | Shot with an arrow by Nessos

Illustrated notes

Levels and vault maps discovered:
D:1:      minmay_arrival_split_and_join, layout_basic
D:2:      layout_basic, hellmonk_ecumenical_altar_pennies_from_heaven,
          minmay_misc_feat_diagonals, uniq_crazy_yiuf_cottage, uniq_jessica
D:3:      layout_loops_ring, nicolae_overflow_hidden_temple, uniq_grinder,
          uniq_ijyb
D:4:      layout_rooms, mainiacjoe_overflow_catwalk_spiral,
          chequers_decorated_corner, moated_statue
D:5:      layout_loops_corners, nicolae_tso_carved_into_rock, enter_ossuary_4,
          grunt_tough_drop
D:6:      layout_loops_cross, lemuel_round_altar,
          nicolae_qazlal_style_of_elements, uniq_edmund
D:7:      nicolae_cairo_tiling_very_big, layout_gridville,
          mainiacjoe_overflow_tiny_flanked, minmay_temple_entry_large_hall,
          ebering_ghost_reflecting_pool
D:8:      layout_rooms, erik_lair_dragon
D:9:      layout_layer_cave, nicolae_shop_overcharged_wands
D:10:     layout_basic, nicolae_uskayaw_murder_on_the_dancefloor,
          bloody_makhleb, minmay_misc_feat_x, glass_columns_c
D:11:     layout_long_grid, hiddenorc1_lemuel
D:12:     layout_roguey, gauntlet_entry_generic, kennysheep_generic_room_3
D:13:     layout_stronghold
D:14:     layout_rooms, ximxim_vaults_locker_room, biasface_ghost_orc_armoury
Lair:1:   layout_small_grid, grunt_megastairs_1, uniq_harold
Lair:2:   layout_regular_city, kennysheep_snail_temple
Lair:3:   layout_cave_pods, guppyfry_snake_entry_island, basic_altar
Lair:4:   gammafunk_indiana_jones, layout_misc_corridors,
          elwin_shoals_entry_stream, lookout_lair_type, grunt_megastairs_2,
          infiniplex_staircase_pool_2, lemuel_fruit_tree, uniq_nessos,
          uniq_urug, uniq_rupert
Lair:5:   layout_hall_layers, slime_altar_1, basic_altar, uniq_kirke
Snake:1:  layout_onion_interference, hellmonk_ghost_happy_afterlife,
          grunt_megastairs_3
Snake:2:  layout_rooms, serial_shops, shop, abandoned_shop,
          hangedman_snake_thin_pillar_pass, drop_trap, abandoned_shop,
          grunt_megastairs_5, serial_bayou_shore_b, minmay_shop_star,
          uniq_jorgrun
Snake:3:  layout_layer_cave, basic_altar, nrook_loot_triangle, uniq_vashnia
Orc:1:    nicolae_orc_accident_2, layout_caves, serial_shops, nicolae_shop_stone
Orc:2:    grunt_orc_community_town_hall, layout_caves,
          grunt_orc_community_big_house_1, grunt_orc_community_big_house_2,
          grunt_orc_community_house_3, grunt_orc_community_house_2,
          grunt_orc_community_house_3, grunt_orc_community_house_2,
          nicolae_orc_sculptors_studio, kennysheep_orc_sif_temple

Skill      XL: |  1  2  3  4  5  6  7  8  9 10 11 12 13 14 |
---------------+-------------------------------------------+-----
Polearms       | 2 3 4 5 6 7 8 10 11 12 13 14 | 14.1
Dodging        | 2 3 4 5 6 7 9 10 11 | 11.7
Fighting       | 3 4 6 7 9 10 11 13 14 | 14.4
Spellcasting   | 4 6 |  6.3
Armour         | 2 6 9 |  9.0
Throwing       | |  0.8
Translocations | |  2.6

Action                   |  1- 3 |  4- 6 |  7- 9 | 10-12 | 13-15 || total
-------------------------+-------+-------+-------+-------+-------++-------
Melee: Spear             |    71 |       |       |       |   605 ||   676
       Punch             |     1 |       |     1 |     3 |     2 ||     7
       Quarterstaff      |       |    92 |   272 |   334 |     5 ||   703
       Trident           |       |    10 |   151 |   155 |       ||   316
       Halberd           |       |       |       |   572 |   982 ||  1554
       Unarmed           |       |       |       |       |    22 ||    22
       Hand axe          |       |       |       |       |    15 ||    15
 Fire: Hand crossbow     |       |       |    21 |    55 |    33 ||   109
Throw: Stone             |    10 |    10 |    27 |     3 |       ||    50
       Dart              |     6 |     2 |    15 |    24 |     4 ||    51
       Boomerang         |       |       |       |     1 |       ||     1
       Javelin           |       |       |       |       |    13 ||    13
 Cast: Blink             |       |       |     6 |    13 |     6 ||    25
       Teleport Other    |       |       |     2 |     3 |       ||     5
       Summon Small Mamm |       |       |       |    14 |     5 ||    19
       Apportation       |       |       |       |       |     4 ||     4
       Gell's Gravitas   |       |       |       |       |     1 ||     1
Evoke: Wand              |       |     6 |       |     6 |     6 ||    18
  Use: Scroll            |       |     5 |       |    16 |    14 ||    35
       Potion            |       |       |       |     8 |     4 ||    12
 Stab: Paralysed         |       |     3 |       |     1 |       ||     4
       Distracted        |       |     1 |     1 |     2 |       ||     4
       Sleeping          |       |     3 |     1 |     2 |       ||     6
       Petrified         |       |       |     5 |     3 |       ||     8
       Confused          |       |       |       |     5 |       ||     5
       Petrifying        |       |       |       |     1 |       ||     1
Armor: Scale mail        |    23 |     2 |       |    81 |    28 ||   134
       Leather armour    |     1 |       |       |       |       ||     1
       Robe              |       |    12 |    78 |   109 |       ||   199
       Skin              |       |       |       |     7 |       ||     7
       Chain mail        |       |       |       |       |   449 ||   449
Dodge: Dodged            |    20 |    61 |   354 |  1018 |   748 ||  2201
Block: Kite shield       |       |       |       |       |   182 ||   182

Table legend: (Time is in decaauts)
 A = Elapsed time spent in this place.
 B = Non-inter-level travel time spent in this place.
 C = Inter-level travel time spent in this place.
 D = Time resting spent in this place.
 E = Time spent auto-exploring this place.
 F = Levels seen in this place.
 G = Mean time per level.
                   A        B        C        D        E       F      G
               +--------+--------+--------+--------+--------+-----+--------+
         Total |  31562 |  29504 |   2058 |   4854 |  15704 |  26 | 1213.9 |
       Dungeon |  17550 |  16121 |   1429 |   2586 |   9327 |  14 | 1253.6 |
          Lair |   6314 |   5888 |    426 |    820 |   3064 |   5 | 1262.8 |
     Snake Pit |   3360 |   3321 |     39 |    450 |   1970 |   3 | 1120.0 |
  Orcish Mines |   2837 |   2673 |    164 |    336 |   1264 |   2 | 1418.5 |
       Ossuary |    701 |    701 |      0 |    362 |     73 |   1 |  701.0 |
      Gauntlet |    798 |    798 |      0 |    298 |      4 |   1 |  798.0 |
               +--------+--------+--------+--------+--------+-----+--------+

Top non-repeatable levels by time:
   Orc:2: 1968 daAuts
 Snake:1: 1869 daAuts
     D:8: 1845 daAuts
     D:9: 1843 daAuts
  Lair:2: 1768 daAuts
    D:13: 1683 daAuts
  Lair:1: 1679 daAuts
    D:14: 1616 daAuts
  Lair:3: 1548 daAuts
     D:2: 1491 daAuts
 Snake:2: 1488 daAuts
     D:5: 1411 daAuts
     D:7: 1310 daAuts
    D:11: 1105 daAuts
     D:6: 1008 daAuts
